 Dungeon Crawl Stone Soup version 0.31-a0-986-g5e6e4ef867 (webtiles) character file.

Game seed: 6460948954372727177

7 bmb222 the Changeling (level 1, 0/15 HPs)
             Began as a Demonspawn Shapeshifter on Nov 22, 2023.
             Slain by a jackal (2 damage)
             ... on level 1 of the Dungeon.
             The game lasted 00:00:20 (494 turns).

bmb222 the Changeling (Demonspawn Shapeshifter)      Turns: 494, Time: 00:00:20

Health: 0/15       AC:  2    Str: 14    XL:     1   Next: 91%
Magic:  1/1        EV: 12    Int: 11    God:
Gold:   52         SH:  0    Dex: 12    Spells: 0/0 levels left

rFire   . .          .
                       - Unarmed
rCold   . . .        (no shield)
rNeg    . . .        a - +0 animal skin
rPois   .            (helmet currently unavailable)
rElec   .            (cloak currently unavailable)
rCorr   .            (gloves currently unavailable)
SInv    .            (boots currently unavailable)
Will    .....        (no amulet)
Stlth   +            (no ring)
HPRegen 0.22/turn    (no ring)
MPRegen 0.07/turn

%: no passive effects
@: beast-form
A: beast (slay +1)
a: Begin Untransformation


You were on level 1 of the Dungeon.
You were a hulking beast.
You visited 1 branch of the dungeon, and saw 1 of its levels.

You collected 52 gold pieces.

Inventory:

Armour
 a - a +0 animal skin (worn)
Talismans
 c - a beast talisman
 d - a flux talisman
Potions
 b - a potion of lignification
 e - a potion of haste {unknown}


   Skills:
 + Level 1.0 Fighting
 * Level 0.1 Armour
 - Level 1.7 Dodging
 + Level 2.7 Unarmed Combat
 + Level 3.0 Shapeshifting


You couldn't memorise any spells.
You didn't know any spells.
Your spell library contained the following spells:

 Spells                   Type           Power      Damage    Failure   Level
 Apportation              Tloc           0%         N/A       34%         1
 Necrotise                Necr           0%         1d4       34%         1
 Summon Small Mammal      Summ           0%         N/A       34%         1


Dungeon Overview and Level Annotations

Branches:
Dungeon (1/15)

Altars:


Message History

The jackal bites you but does no damage.
The jackal bites you.
You are too injured to fight recklessly!
You are too injured to fight recklessly!
You are too injured to fight recklessly!
You are too injured to fight recklessly!
You are too injured to fight recklessly!
You are too injured to fight recklessly!
You are too injured to fight recklessly!
You are too injured to fight recklessly!
You are too injured to fight recklessly!
You are too injured to fight recklessly!
You are too injured to fight recklessly!
You are too injured to fight recklessly!
You are too injured to fight recklessly!
You are too injured to fight recklessly!
You are too injured to fight recklessly!
You are too injured to fight recklessly!
You are too injured to fight recklessly!
You are too injured to fight recklessly!
You are too injured to fight recklessly!
You are too injured to fight recklessly!
You are too injured to fight recklessly!
You hit the jackal but do no damage.
The jackal is almost dead.
The jackal bites you but does no damage.
The jackal barely misses you. x2; The jackal misses you.
You completely miss the jackal.
The jackal is almost dead.
The jackal closely misses you. x2; The jackal misses you.
You hit the jackal.
You kill the jackal!
The jackal bites you. x3
* * * LOW HITPOINT WARNING * * *
The jackal bites you.
* * * LOW HITPOINT WARNING * * *
You closely miss the jackal.
The jackal bites you but does no damage.
The jackal bites you.
You die...

#### #### .... #
.... ..... .# ....
..... ###. ....
$.....#.. ....
......#h# ....
......hh# ###
......#h# +..
..... #.# ### ....
#.# ..[ #.# ..
#.### ###### .
#...# ......
###.##############
#...............


You could see 3 jackals.

Vanquished Creatures
  An endoplasm (D:1)
  A giant cockroach (D:1)
  A goblin (D:1)
  A jackal (D:1)
  A quokka (D:1)
  A rat (D:1)
6 creatures vanquished.

Notes
Turn   | Place    | Note
-------+----------+-------------------------------------------
     0 | D:1      | bmb222 the Demonspawn Shapeshifter began the quest for the
                  | Orb.
     0 | D:1      | Reached XP level 1. HP: 15/15 MP: 1/1
   230 | D:1      | Reached skill level 3 in Shapeshifting
   494 | D:1      | Slain by a jackal

Illustrated notes

Levels and vault maps discovered:
D:1:      lightli_arrival_statue_moat, layout_basic, serial_corexii_hall,
          corexii_hall_statues_i, chequers_hall_statues_wall_a,
          corexii_hall_statues_x, chequers_avenue

Skill      XL: |  1 |
---------------+----+-----
Shapeshifting  | 3 |  3.0
Fighting       | |  1.0
Armour         | |  0.1
Dodging        | |  1.7
Unarmed Combat | |  2.7

Action                     || total
---------------------------++-------
  Melee: Unarmed           ||    26
         Punch             ||     1
   Stab: Sleeping          ||     1
 Armour: Animal skin       ||    20
  Dodge: Dodged            ||    16

Table legend: (Time is in decaauts)
 A = Elapsed time spent in this place.
 B = Non-inter-level travel time spent in this place.
 C = Inter-level travel time spent in this place.
 D = Time resting spent in this place.
 E = Time spent auto-exploring this place.
 F = Levels seen in this place.
 G = Mean time per level.
                   A        B        C        D        E       F      G
               +--------+--------+--------+--------+--------+-----+--------+
         Total |    493 |    493 |      0 |      0 |    432 |   1 |  493.0 |
       Dungeon |    493 |    493 |      0 |      0 |    432 |   1 |  493.0 |
               +--------+--------+--------+--------+--------+-----+--------+

Top non-repeatable levels by time:
     D:1: 493 daAuts
